General information
- name: BNet
- type: Ladder team game (AT/RT)
- host: Battle.net
- saver: Momoiro_Omnio
map: DragonFalls
- players: 8
- length: 37:04
- speed: Fast
- version: 1.26 W3XP
- replay type: Public
» download(242 KB)
Players
team 1 (loser)

»
A.NEW.HOPE (
orange | 73 APM | 2638 actions | 36:08)
6 Tauren Chieftain
2 War Stomp
3 Endurance Aura
1 Reincarnation
5 Shadow Hunter
2 Hex
3 Healing Wave
» actions
| Assign group hotkey | 141 | |
| Basic commands | 18 | |
| Build / train | 179 | |
| Enter build submenu | 18 | |
| Enter hero's abilities submenu | 11 | |
| Give item / drop item | 4 | |
| Right click | 987 | |
| Select / deselect | 381 | |
| Select group hotkey | 639 | |
| Use ability | 260 | |
2638 total
» units
| Peon | 31 | |
| Grunt | 9 | |
| Shaman | 14 | |
| Tauren | 4 | |
| Troll Batrider | 34 | |
| Wind Rider | 19 | |
111 total
» upgrades
| Melee Weapons | 1 | |
| Shaman Training | 2 | |
| Ranged Weapons | 1 | |
| Armor | 1 | |
5 total
» buildings
| Altar of Storms | 1 | |
| Orc Burrow | 13 | |
| Barracks | 1 | |
| Voodoo Lounge | 1 | |
| Great Hall | 2 | |
| Stronghold | 1 | |
| War Mill | 1 | |
| Fortress | 1 | |
| Spirit Lodge | 1 | |
| Tauren Totem | 2 | |
| Watch Tower | 11 | |
| Beastiary | 2 | |
37 total
» build order
00:20 Altar of Storms
00:24 Orc Burrow
00:24 Orc Burrow
00:40 Barracks
01:39 Orc Burrow
02:11 Voodoo Lounge
03:36 Great Hall
04:03 Stronghold
05:00 War Mill
05:06 Orc Burrow
07:40 Fortress
07:59 Spirit Lodge
08:41 Orc Burrow
08:42 Orc Burrow
08:43 Orc Burrow
10:07 Tauren Totem
10:07 Tauren Totem
12:56 Watch Tower
12:56 Watch Tower
12:57 Watch Tower
12:58 Watch Tower
12:58 Watch Tower
14:17 Orc Burrow
14:18 Orc Burrow
14:19 Orc Burrow
14:20 Orc Burrow
14:21 Watch Tower
14:22 Watch Tower
14:23 Watch Tower
14:24 Watch Tower
14:25 Watch Tower
14:26 Watch Tower
15:26 Beastiary
15:27 Beastiary
17:22 Orc Burrow
17:23 Orc Burrow
27:57 Great Hall
» items
| Healing Salve | 7 | |
| Lesser Clarity Potion | 12 | |
| Boots of Speed | 1 | |
| Scroll of Speed | 4 | |
| Potion of Healing | 4 | |
| Potion of Mana | 2 | |
| Scroll of Town Portal | 13 | |
| Scroll of Regeneration | 5 | |
48 total

»
BlizAnigmOfo (
teal | 49 APM | 1749 actions | 36:01)
6 Far Seer
3 Feral Spirit
2 Chain Lighting
1 Earth Quake
5 Shadow Hunter
3 Healing Wave
2 Hex
» actions
| Assign group hotkey | 28 | |
| Basic commands | 36 | |
| Build / train | 121 | |
| Enter build submenu | 28 | |
| Enter hero's abilities submenu | 11 | |
| Remove unit from queue | 3 | |
| Right click | 548 | |
| Select / deselect | 434 | |
| Select group hotkey | 413 | |
| Use ability | 127 | |
1749 total
» units
| Peon | 14 | |
| Troll Headhunter/Berserker | 26 | |
| Goblin Shredder | 1 | |
| Shaman | 6 | |
| Troll Witch Doctor | 6 | |
| Kodo Beast | 1 | |
| Wind Rider | 14 | |
| Troll Batrider | 9 | |
77 total
» upgrades
| Ranged Weapons | 3 | |
| Shaman Training | 2 | |
| Berserker Upgrade | 1 | |
| Troll Regeneration | 1 | |
| Witch Doctor Training | 2 | |
| Armor | 3 | |
| War Drums Damage Increase | 1 | |
| Envenomed Spears | 1 | |
| Spiked Barricades | 1 | |
| Reinforced Defenses | 1 | |
| Liquid Fire | 1 | |
17 total
» buildings
| Altar of Storms | 1 | |
| Orc Burrow | 7 | |
| War Mill | 1 | |
| Barracks | 1 | |
| Stronghold | 1 | |
| Fortress | 1 | |
| Spirit Lodge | 2 | |
| Great Hall | 1 | |
| Beastiary | 2 | |
| Voodoo Lounge | 1 | |
| Watch Tower | 7 | |
| Tauren Totem | 1 | |
26 total
» build order
00:15 Altar of Storms
00:19 Orc Burrow
00:35 War Mill
01:42 Barracks
02:19 Orc Burrow
02:40 Stronghold
03:22 Orc Burrow
04:32 Orc Burrow
05:18 Fortress
05:45 Spirit Lodge
06:04 Great Hall
08:33 Spirit Lodge
10:33 Orc Burrow
11:12 Orc Burrow
11:35 Beastiary
11:43 Beastiary
15:24 Voodoo Lounge
20:57 Orc Burrow
22:59 Watch Tower
23:01 Watch Tower
23:03 Watch Tower
23:05 Watch Tower
23:10 Watch Tower
23:14 Watch Tower
23:18 Watch Tower
31:02 Tauren Totem
» items
| Scroll of Town Portal | 5 | |
| Orb of Lightning | 1 | |
| Potion of Mana | 1 | |
| Potion of Healing | 1 | |
| Potion of Lesser Invulnerability | 1 | |
9 total

»
markoofellow (
purple | 74 APM | 2756 actions | 37:01)
7 Mountain King
3 Storm Bolt
3 Bash
1 Avatar
» actions
| Assign group hotkey | 429 | |
| Basic commands | 270 | |
| Build / train | 80 | |
| ESC pressed | 12 | |
| Enter build submenu | 33 | |
| Enter hero's abilities submenu | 7 | |
| Give item / drop item | 2 | |
| Right click | 388 | |
| Select / deselect | 378 | |
| Select group hotkey | 1023 | |
| Use ability | 134 | |
2756 total
» units
| Peasant | 15 | |
| Footman | 9 | |
| Dragonhawk Rider | 18 | |
| Knight | 5 | |
| Rifleman | 1 | |
48 total
» upgrades
| Swords | 3 | |
| Plating | 1 | |
| Armor | 2 | |
| Masonry | 1 | |
| Lumber Harvesting | 1 | |
| Cloud | 2 | |
10 total
» buildings
| Altar of Kings | 3 | |
| Farm | 8 | |
| Blacksmith | 1 | |
| Barracks | 1 | |
| Scout Tower | 4 | |
| Lumber Mill | 2 | |
| Arcane Tower | 1 | |
| Keep | 1 | |
| Guard Tower | 1 | |
| Castle | 1 | |
| Gryphon Aviary | 2 | |
| Arcane Vault | 1 | |
| Town Hall | 1 | |
27 total
» build order
00:11 Altar of Kings
00:13 Farm
00:17 Blacksmith
00:55 Farm
02:06 Altar of Kings
02:32 Barracks
02:46 Farm
03:00 Scout Tower
03:26 Lumber Mill
03:28 Arcane Tower
05:46 Keep
05:51 Scout Tower
06:32 Farm
06:34 Guard Tower
07:22 Farm
08:33 Castle
08:39 Gryphon Aviary
08:51 Arcane Vault
09:28 Farm
10:14 Lumber Mill
12:30 Town Hall
13:22 Scout Tower
14:35 Scout Tower
19:52 Gryphon Aviary
26:21 Farm
26:23 Farm
31:47 Altar of Kings
» items
| Potion of Healing | 1 | |
| Scroll of Town Portal | 3 | |
| Scroll of Regeneration | 1 | |
| Lesser Clarity Potion | 1 | |
| Staff of Teleportation | 1 | |
7 total

»
llIIllIIllIIlI (
blue | 33 APM | 1061 actions | 31:47)
6 Keeper of the Grove
2 Force of Nature
2 Thorns Aura
1 Entangling Roots
1 Tranquility
» actions
| Basic commands | 1 | |
| Build / train | 60 | |
| Enter build submenu | 20 | |
| Enter hero's abilities submenu | 5 | |
| Give item / drop item | 3 | |
| Remove unit from queue | 4 | |
| Right click | 649 | |
| Select / deselect | 288 | |
| Use ability | 31 | |
1061 total
» units
| Wisp | 19 | |
| Archer | 2 | |
| Huntress | 5 | |
| Chimaera | 10 | |
| Hippogryph | 7 | |
43 total
» upgrades
| Strength of the Wild | 1 | |
| Reinforced Hides | 1 | |
| Corrosive Breath | 1 | |
3 total
» buildings
| Moon Well | 7 | |
| Altar of Elders | 1 | |
| Ancient of War | 1 | |
| Hunter's Hall | 1 | |
| Tree of Ages | 1 | |
| Tree of Life | 2 | |
| Tree of Eternity | 1 | |
| Ancient of Wind | 2 | |
| Chimaera Roost | 3 | |
19 total
» build order
00:20 Moon Well
00:24 Altar of Elders
01:15 Ancient of War
01:44 Moon Well
01:46 Moon Well
02:31 Hunter's Hall
03:18 Tree of Ages
03:43 Moon Well
05:30 Tree of Life
05:43 Tree of Eternity
05:52 Ancient of Wind
07:01 Moon Well
07:03 Moon Well
08:16 Chimaera Roost
08:17 Chimaera Roost
08:19 Chimaera Roost
14:53 Moon Well
16:55 Ancient of Wind
21:55 Tree of Life
» items
| Dust of Appearance | 1 | |
| Scroll of Town Portal | 1 | |
2 total
team 2 (winner)

»
bnettakestolong (
yellow | 63 APM | 2326 actions | 37:02)
7 Crypt Lord
1 Carrion Beetles
3 Spiked Carapace
2 Impale
1 Locust Swarm
6 Death Knight
3 Death Coil
1 Unholy Aura
1 Death Pact
1 Animate Dead
5 Lich
3 Frost Nova
2 Dark Ritual
» actions
| Assign group hotkey | 57 | |
| Basic commands | 111 | |
| Build / train | 89 | |
| ESC pressed | 2 | |
| Enter build submenu | 27 | |
| Enter hero's abilities submenu | 18 | |
| Give item / drop item | 4 | |
| Right click | 430 | |
| Select / deselect | 418 | |
| Select group hotkey | 1036 | |
| Use ability | 134 | |
2326 total
» units
| Acolyte | 17 | |
| Ghoul | 6 | |
| Crypt Fiend | 7 | |
| Frost Wyrm | 9 | |
39 total
» upgrades
| Web | 1 | |
| Creature Attack | 3 | |
| Creature Carapace | 3 | |
| Freezing Breath | 1 | |
8 total
» buildings
| Ziggurat | 14 | |
| Altar of Darkness | 1 | |
| Crypt | 1 | |
| Graveyard | 1 | |
| Tomb of Relics | 1 | |
| Halls of the Dead | 1 | |
| Spirit Tower | 5 | |
| Black Citadel | 1 | |
| Sacrificial Pit | 1 | |
| Boneyard | 4 | |
30 total
» build order
00:16 Ziggurat
00:24 Altar of Darkness
00:27 Crypt
01:14 Graveyard
01:40 Ziggurat
03:36 Ziggurat
05:09 Ziggurat
05:20 Tomb of Relics
06:29 Halls of the Dead
07:39 Spirit Tower
07:59 Ziggurat
08:00 Ziggurat
08:02 Ziggurat
09:12 Spirit Tower
09:42 Black Citadel
09:50 Ziggurat
09:54 Ziggurat
10:17 Sacrificial Pit
10:48 Spirit Tower
12:15 Boneyard
12:18 Boneyard
12:21 Boneyard
16:53 Boneyard
21:02 Ziggurat
21:04 Ziggurat
21:08 Ziggurat
21:19 Ziggurat
21:21 Ziggurat
22:35 Spirit Tower
24:32 Spirit Tower
» items
| Boots of Speed | 2 | |
| Scroll of Town Portal | 5 | |
| Healing Salve | 2 | |
| Lesser Clarity Potion | 2 | |
| Potion of Lesser Invulnerability | 1 | |
| Orb of Corruption | 1 | |
| Orb of Lightning | 1 | |
14 total

»
mckc (
pink | 63 APM | 2322 actions | 37:02)
6 Blademaster
2 Wind Walk
3 Critical Strike
1 Bladestorm
5 Shadow Hunter
2 Hex
3 Healing Wave
» actions
| Assign group hotkey | 24 | |
| Build / train | 80 | |
| Enter build submenu | 34 | |
| Enter hero's abilities submenu | 11 | |
| Give item / drop item | 1 | |
| Remove unit from queue | 1 | |
| Right click | 671 | |
| Select / deselect | 357 | |
| Select group hotkey | 1034 | |
| Use ability | 109 | |
2322 total
» units
| Peon | 18 | |
| Grunt | 3 | |
| Wind Rider | 12 | |
| Troll Headhunter/Berserker | 7 | |
40 total
» upgrades
| Spiked Barricades | 2 | |
| Ranged Weapons | 3 | |
| Armor | 3 | |
| Envenomed Spears | 1 | |
| Reinforced Defenses | 1 | |
| Berserker Upgrade | 1 | |
| Troll Regeneration | 1 | |
12 total
» buildings
| Barracks | 2 | |
| Orc Burrow | 7 | |
| Altar of Storms | 1 | |
| War Mill | 1 | |
| Voodoo Lounge | 1 | |
| Great Hall | 4 | |
| Watch Tower | 12 | |
| Stronghold | 1 | |
| Fortress | 1 | |
| Beastiary | 3 | |
33 total
» build order
00:24 Barracks
00:32 Orc Burrow
00:38 Altar of Storms
02:02 Orc Burrow
02:10 Orc Burrow
03:03 War Mill
03:11 Voodoo Lounge
04:18 Great Hall
04:28 Watch Tower
04:42 Orc Burrow
05:04 Watch Tower
05:29 Watch Tower
05:55 Stronghold
08:55 Fortress
08:59 Beastiary
09:03 Beastiary
09:08 Beastiary
09:39 Orc Burrow
09:44 Watch Tower
10:45 Orc Burrow
11:09 Watch Tower
14:30 Watch Tower
14:47 Watch Tower
15:01 Orc Burrow
17:31 Watch Tower
17:48 Watch Tower
17:49 Watch Tower
19:49 Watch Tower
19:51 Watch Tower
21:15 Great Hall
25:23 Barracks
31:59 Great Hall
36:26 Great Hall
» items
| Healing Salve | 4 | |
| Scroll of Town Portal | 5 | |
| Orb of Lightning | 1 | |
| Lesser Clarity Potion | 1 | |
| Potion of Mana | 1 | |
12 total
Momoiro_Omnio (
green | 10 APM | 370 actions | 37:04)
» actions
| ESC pressed | 4 | |
| Enter build submenu | 3 | |
| Right click | 227 | |
| Select / deselect | 119 | |
| Use ability | 17 | |
370 total
» buildings
» build order
00:58 Ancient of Wonders
01:00 Ancient of Wonders
01:01 Ancient of Wonders
01:03 Ancient of Wonders
01:03 Ancient of Wonders
01:27 Ancient of Wonders

»
s-Laugh-ter (
red | 37 APM | 1389 actions | 37:02)
6 Blademaster
3 Wind Walk
2 Critical Strike
1 Bladestorm
5 Shadow Hunter
3 Healing Wave
2 Hex
1 Tauren Chieftain
1 Endurance Aura
» actions
| Build / train | 84 | |
| Enter build submenu | 26 | |
| Enter hero's abilities submenu | 12 | |
| Give item / drop item | 2 | |
| Right click | 525 | |
| Select / deselect | 646 | |
| Use ability | 93 | |
1389 total
» units
| Peon | 14 | |
| Grunt | 10 | |
| Troll Headhunter/Berserker | 1 | |
| Goblin Shredder | 1 | |
| Shaman | 6 | |
| Troll Witch Doctor | 6 | |
| Tauren | 10 | |
48 total
» upgrades
| Armor | 2 | |
| Shaman Training | 2 | |
| Witch Doctor Training | 2 | |
| Berserker Strength | 1 | |
| Melee Weapons | 2 | |
9 total
» buildings
| Orc Burrow | 12 | |
| Altar of Storms | 1 | |
| Barracks | 1 | |
| Voodoo Lounge | 1 | |
| War Mill | 1 | |
| Stronghold | 1 | |
| Great Hall | 3 | |
| Spirit Lodge | 2 | |
| Fortress | 1 | |
| Watch Tower | 3 | |
| Tauren Totem | 2 | |
28 total
» build order
00:34 Orc Burrow
00:36 Altar of Storms
01:08 Barracks
01:30 Orc Burrow
01:50 Voodoo Lounge
03:01 War Mill
03:55 Orc Burrow
04:42 Stronghold
04:58 Great Hall
05:55 Orc Burrow
06:57 Orc Burrow
07:54 Spirit Lodge
08:00 Spirit Lodge
08:55 Fortress
09:59 Orc Burrow
10:11 Watch Tower
11:14 Orc Burrow
12:51 Tauren Totem
13:18 Tauren Totem
14:20 Orc Burrow
14:27 Orc Burrow
14:40 Orc Burrow
15:42 Orc Burrow
16:27 Orc Burrow
17:53 Great Hall
24:09 Great Hall
25:03 Watch Tower
25:05 Watch Tower
» items
| Healing Salve | 2 | |
| Scroll of Town Portal | 5 | |
| Lesser Clarity Potion | 1 | |
| Scroll of Speed | 1 | |
| Orb of Lightning | 1 | |
10 total
Chat log
(00:03 / All) Momoiro_Omnio: im level 27
(00:06 / All) Momoiro_Omnio: and guess what
(00:11 / Allies) mckc: bm quick expoing
(00:11 / All) Momoiro_Omnio: im going to backstab again
(00:12 / All) BlizAnigmOfo: ur a virgin
(00:16 / All) llIIllIIllIIlI: virgin
(00:31 / All) Momoiro_Omnio: I hope my allies enjoys their free loss
(00:43 / All) llIIllIIllIIlI: go fuck yourself nerd
(00:46 / All) llIIllIIllIIlI: gg
(00:49 / All) Momoiro_Omnio: gg
(00:50 / All) BlizAnigmOfo: lies
(00:54 / All) BlizAnigmOfo: u lie
(01:00 / Allies) bnettakestolong: pink expo there
(01:01 / All) BlizAnigmOfo: prove it virgin
(01:03 / Allies) mckc: wtf green
(01:05 / Allies) mckc: you are gay
(01:05 / All) llIIllIIllIIlI: who cares about wins or losses? paly for fun
(01:05 / Allies) bnettakestolong: make a bunch of towers around yourself
(01:18 / Allies) mckc: we going to play this out?
(01:22 / Allies) bnettakestolong: sure
(01:48 / All) markoofellow: nitch
(01:49 / Allies) mckc: fuck you green
(01:51 / All) llIIllIIllIIlI: nerd virgin
(01:53 / All) markoofellow: bitch lol
(01:59 / Allies) bnettakestolong: pink go expo there
(01:59 / All) Momoiro_Omnio: it's not like I have a choice
(02:02 / Allies) bnettakestolong: ill help you out
(02:05 / All) Momoiro_Omnio: if I play seriously enough
(02:08 / All) Momoiro_Omnio: i still lose
(02:20 / All) Momoiro_Omnio: it's lose-win-lose-win this and that
(02:23 / All) Momoiro_Omnio: i hate it!
(02:32 / Allies) mckc: go fuck yourself green
(02:33 / All) BlizAnigmOfo: i no it sucks
(02:33 / All) Momoiro_Omnio: i might as well break up the cycle with this!
(02:46 / All) BlizAnigmOfo: i agreee
(02:47 / All) Momoiro_Omnio: it's called mock losing
(02:54 / All) llIIllIIllIIlI: its called get laid
(03:05 / All) Momoiro_Omnio: i know how battle net AMM works
(03:08 / All) BlizAnigmOfo: u should write a book
(03:09 / All) Momoiro_Omnio: so be quiet
(04:03 / Allies) bnettakestolong: pink why not expo there?
(04:40 / Allies) bnettakestolong: red u expoing there?
(04:49 / Allies) s-Laugh-ter: yeah i'll take
(05:12 / All) Momoiro_Omnio: tree damage
(05:24 / All) Momoiro_Omnio: so much for your defense
(05:29 / All) Momoiro_Omnio: you are laid open now...
(05:43 / All) markoofellow: lol loser
(05:51 / All) Momoiro_Omnio: why didn't you guys rushed us
(06:03 / All) Momoiro_Omnio: you guys can still win this if you hurry it up
(06:04 / All) llIIllIIllIIlI: why are you here?
(06:07 / All) Momoiro_Omnio: if I win this
(06:10 / All) Momoiro_Omnio: you guys are idiots
(06:19 / All) Momoiro_Omnio: I'm here to check if I lose or not
(06:31 / Allies) mckc: brt
(06:33 / All) llIIllIIllIIlI: shut up faggot. I'm playing to have fun. I could care less about wins or losses
(06:38 / All) Momoiro_Omnio: yellow here just upgrading his hall lol
(07:17 / All) Momoiro_Omnio: yes
(07:23 / All) Momoiro_Omnio: not surpsing we didn't expoed
(07:24 / Allies) bnettakestolong: walk there
(07:27 / All) Momoiro_Omnio: I backstabbed
(07:36 / Allies) mckc: 'coime
(07:39 / Allies) mckc: cut them off here
(08:15 / All) Momoiro_Omnio: get out
(08:16 / All) Momoiro_Omnio: NOW
(08:20 / All) Momoiro_Omnio: idiots
(08:23 / All) Momoiro_Omnio: out
(08:24 / All) Momoiro_Omnio: b
(08:24 / All) Momoiro_Omnio: B
(08:24 / All) Momoiro_Omnio: B
(08:24 / All) Momoiro_Omnio: B
(08:25 / All) Momoiro_Omnio: b
(08:25 / All) Momoiro_Omnio: b
(08:25 / All) Momoiro_Omnio: b
(08:26 / All) Momoiro_Omnio: b
(08:26 / All) Momoiro_Omnio: B
(08:26 / All) Momoiro_Omnio: B
(08:27 / All) Momoiro_Omnio: b
(08:27 / All) Momoiro_Omnio: b
(08:27 / All) Momoiro_Omnio: b
(08:28 / All) Momoiro_Omnio: b
(08:28 / All) Momoiro_Omnio: B
(08:28 / All) Momoiro_Omnio: B
(08:29 / All) Momoiro_Omnio: B
(08:29 / All) Momoiro_Omnio: bB
(08:29 / All) Momoiro_Omnio: B
(08:29 / All) Momoiro_Omnio: B
(08:40 / All) Momoiro_Omnio: out with your life...
(08:57 / All) Momoiro_Omnio: failed!
(09:01 / All) Momoiro_Omnio: why not hit together
(09:06 / All) llIIllIIllIIlI: dude
(09:06 / All) Momoiro_Omnio: are you guys this dimwitted?
(09:10 / All) Momoiro_Omnio: losers
(09:14 / All) Momoiro_Omnio: go hit together
(09:16 / All) Momoiro_Omnio: or FAIL
(09:20 / Allies) mckc: grunt here red
(09:20 / All) Momoiro_Omnio: your call guys!
(09:22 / All) llIIllIIllIIlI: were taking our time. wasting yours
(09:49 / Allies) Momoiro_Omnio: grunt there
(10:08 / All) Momoiro_Omnio: lol
(10:15 / All) Momoiro_Omnio: pink has 2000 gold
(10:20 / All) Momoiro_Omnio: oops 1400 gold now
(10:26 / Allies) mckc: you really are gay
(10:34 / All) Momoiro_Omnio: and pink is getting air
(10:43 / All) Momoiro_Omnio: im guessing he's getting bats
(10:44 / Allies) bnettakestolong: unit red
(10:47 / All) Momoiro_Omnio: troll batriders
(10:50 / All) Momoiro_Omnio: oooooo
(10:54 / Allies) bnettakestolong: check expo
(10:59 / All) Momoiro_Omnio: red has 1100 gold
(11:16 / All) Momoiro_Omnio: yellow is wyrmies
(11:20 / All) Momoiro_Omnio: what now guys>?
(11:24 / All) Momoiro_Omnio: am I lying
(11:26 / All) Momoiro_Omnio: I wonder...
(11:34 / All) llIIllIIllIIlI: we dont care.
(11:40 / All) Momoiro_Omnio: then you will lose
(11:41 / Allies) mckc: coming yellow
(11:48 / All) Momoiro_Omnio: failed!
(12:03 / All) Momoiro_Omnio: orange you failed too
(12:14 / All) Momoiro_Omnio: nvm
(12:18 / All) Momoiro_Omnio: pink is wind riders
(12:28 / All) Momoiro_Omnio: kill blue wisps
(12:42 / All) Momoiro_Omnio: you guys are LOSING
(12:46 / All) Momoiro_Omnio: just so you know that
(12:48 / All) llIIllIIllIIlI: dude
(12:49 / All) Momoiro_Omnio: could had rushed us
(12:50 / Allies) bnettakestolong: red tp ur expo
(12:51 / All) Momoiro_Omnio: but didn't
(12:56 / All) Momoiro_Omnio: lame pal...
(13:00 / Allies) bnettakestolong: with me pink
(13:01 / All) Momoiro_Omnio: chims?
(13:07 / All) Momoiro_Omnio: they no good without fiends
(13:14 / All) Momoiro_Omnio: i would not get them if I was you
(13:15 / All) llIIllIIllIIlI: cool. im just playing
(13:24 / All) Momoiro_Omnio: it's not fun to lose
(13:27 / All) Momoiro_Omnio: in ladder
(13:32 / All) Momoiro_Omnio: you get scored
(13:35 / All) Momoiro_Omnio: that's why
(13:41 / All) Momoiro_Omnio: failed!
(13:49 / All) Momoiro_Omnio: double fault!
(14:00 / All) Momoiro_Omnio: losing two chims
(14:02 / All) Momoiro_Omnio: nice!
(14:14 / All) Momoiro_Omnio: we are winning
(14:18 / All) Momoiro_Omnio: and you guys are losing
(14:18 / Allies) bnettakestolong: wood
(14:20 / All) Momoiro_Omnio: am I wrong?
(14:33 / All) Momoiro_Omnio: better get your acts together
(14:36 / All) Momoiro_Omnio: or FAIL!
(14:38 / Allies) mckc: going
(15:01 / Allies) bnettakestolong: be quick
(15:06 / All) Momoiro_Omnio: teal is coming
(15:15 / All) Momoiro_Omnio: you guys are lame
(15:17 / All) Momoiro_Omnio: really
(15:24 / All) Momoiro_Omnio: could have won this minutes ago!
(15:30 / Allies) bnettakestolong: red defend pls
(15:49 / Allies) mckc: tp yellow
(16:03 / All) Momoiro_Omnio: kill healing wards
(16:08 / All) Momoiro_Omnio: kill off casters
(16:16 / Allies) bnettakestolong: hit heal wards
(16:22 / All) Momoiro_Omnio: failed guys
(16:29 / All) Momoiro_Omnio: you guys call yourselves players!
(16:35 / All) Momoiro_Omnio: pathetic
(16:38 / All) Momoiro_Omnio: and out of the question
(16:44 / Allies) bnettakestolong: can one of u bms pls go hit expos
(16:56 / Allies) s-Laugh-ter: gold?
(16:57 / All) markoofellow: ok lets meet
(16:58 / All) Momoiro_Omnio: chims can't attack air
(17:02 / All) Momoiro_Omnio: is that true blue?
(17:11 / All) Momoiro_Omnio: you and your allies
(17:14 / All) Momoiro_Omnio: are pathetic
(17:16 / Allies) s-Laugh-ter: need gold pink
(17:17 / Allies) s-Laugh-ter: plz
(17:18 / All) Momoiro_Omnio: sucky players
(17:28 / All) Momoiro_Omnio: could had won this
(17:39 / All) Momoiro_Omnio: why this is why I backstab in the first place
(17:44 / All) Momoiro_Omnio: you guys are just lame
(17:48 / All) Momoiro_Omnio: haha
(18:13 / Allies) bnettakestolong: go red
(18:15 / All) Momoiro_Omnio: we are attacking you guys now
(18:37 / All) Momoiro_Omnio: ooo dragon hawks
(18:45 / All) Momoiro_Omnio: not like they going work so well
(18:54 / All) Momoiro_Omnio: gg
(18:56 / All) Momoiro_Omnio: we lost now
(19:33 / All) Momoiro_Omnio: knew I would lose
(19:35 / Allies) bnettakestolong: heal wards
(19:37 / All) Momoiro_Omnio: from this battle
(19:41 / All) Momoiro_Omnio: boom
(19:43 / All) Momoiro_Omnio: haha
(19:44 / Allies) mckc: get out
(19:54 / All) Momoiro_Omnio: bolt
(19:55 / All) Momoiro_Omnio: wyrmy
(19:58 / Allies) bnettakestolong: wood me red now pls
(20:06 / All) Momoiro_Omnio: bolt it
(20:08 / All) Momoiro_Omnio: fool
(20:20 / All) Momoiro_Omnio: could had gotten a score kill of 7 food
(20:26 / All) Momoiro_Omnio: but you blew it right there
(20:49 / Allies) bnettakestolong: have any heal wards
(20:52 / Allies) Momoiro_Omnio: enemy batrider
(21:29 / All) llIIllIIllIIlI: man, this is so much fun hahahahah
(21:38 / All) Momoiro_Omnio: sigh...
(21:45 / Allies) bnettakestolong: we need to get em split
(21:45 / All) Momoiro_Omnio: but you guys making this really difficult
(21:53 / All) llIIllIIllIIlI: hope you know I have not been trying...
(22:09 / All) llIIllIIllIIlI: according to oj i'm making it difficult
(22:16 / All) llIIllIIllIIlI: even with me fucking around its 3v3
(22:27 / All) Momoiro_Omnio: well then you're backstabbing
(22:36 / All) Momoiro_Omnio: if you're not playing serious
(22:36 / All) llIIllIIllIIlI: no?
(22:45 / All) llIIllIIllIIlI: oj is a fag though
(22:54 / All) Momoiro_Omnio: says him
(22:58 / Allies) s-Laugh-ter: come here to heal
(22:59 / Allies) s-Laugh-ter: wards
(23:11 / All) Momoiro_Omnio: orange and his taurens
(23:20 / All) Momoiro_Omnio: we are right now at
(23:24 / All) Momoiro_Omnio: the top middle mine
(23:31 / All) Momoiro_Omnio: heading towards teal now
(23:39 / Allies) bnettakestolong: wood me
(24:07 / All) Momoiro_Omnio: run wisps out
(24:11 / All) Momoiro_Omnio: lol
(24:13 / All) Momoiro_Omnio: why?
(24:20 / Allies) Momoiro_Omnio: run red
(24:20 / All) llIIllIIllIIlI: i dont have a gold mine :)
(24:22 / Allies) Momoiro_Omnio: dont be there
(24:29 / Allies) mckc: coming
(24:44 / All) Momoiro_Omnio: why did red tpd to yellow
(24:44 / Allies) bnettakestolong: help pink
(24:49 / All) Momoiro_Omnio: I wonder...
(24:58 / All) Momoiro_Omnio: that was a dummy move...
(25:10 / All) Momoiro_Omnio: goodbye to wind riders
(25:15 / Allies) mckc: fuck off
(25:29 / All) Momoiro_Omnio: maybe getting bats
(25:33 / All) Momoiro_Omnio: now would be a good idea
(25:39 / All) Momoiro_Omnio: and go get your dark ranger yourself
(25:47 / Allies) bnettakestolong: cancel it
(25:48 / All) Momoiro_Omnio: don't rely on an ally to get one for you!
(25:57 / All) Momoiro_Omnio: cancel expo
(25:58 / Allies) mckc: yellow
(26:09 / All) Momoiro_Omnio: okay now we lost
(26:10 / All) Momoiro_Omnio: for sure
(26:13 / Allies) bnettakestolong: focus main pink
(26:13 / All) llIIllIIllIIlI: lol
(26:16 / Allies) mckc: yeah
(26:24 / All) Momoiro_Omnio: thanks to me I guess
(26:27 / Allies) bnettakestolong: focus main pink
(26:33 / Allies) bnettakestolong: focus main pink
(26:40 / Allies) bnettakestolong: or not
(26:58 / Allies) mckc: zerks
(27:05 / All) Momoiro_Omnio: get
(27:52 / Allies) bnettakestolong: repair it
(28:20 / Allies) bnettakestolong: with me red
(28:24 / All) Momoiro_Omnio: oooo
(28:29 / All) Momoiro_Omnio: orange main has dead?
(28:36 / All) Momoiro_Omnio: I wonder who said that to me?
(28:41 / All) Momoiro_Omnio: not telling you
(28:47 / All) BlizAnigmOfo: haha pink u noob
(28:55 / All) Momoiro_Omnio: haha you
(29:06 / All) Momoiro_Omnio: looks like someone is backstabbing you
(29:20 / All) Momoiro_Omnio: gg
(29:22 / All) Momoiro_Omnio: you guys lost
(29:25 / All) Momoiro_Omnio: admit it!
(29:25 / All) llIIllIIllIIlI: LOL
(29:31 / All) Momoiro_Omnio: admit you guys could had rushed
(29:33 / All) llIIllIIllIIlI: i hope we do :)
(29:34 / All) Momoiro_Omnio: and had this won
(29:39 / Allies) bnettakestolong: come all
(29:46 / All) Momoiro_Omnio: YOU GUYS BLEW IT
(29:50 / All) Momoiro_Omnio: FROKM THE START!
(29:58 / Allies) bnettakestolong: now
(30:03 / All) Momoiro_Omnio: we won
(30:04 / Allies) mckc: use towers
(30:09 / Allies) bnettakestolong: heal red
(30:11 / Allies) bnettakestolong: and stun
(30:13 / All) Momoiro_Omnio: submitting this to highper.ch
(30:29 / All) Momoiro_Omnio: GG
(30:33 / All) Momoiro_Omnio: get out
(30:35 / All) Momoiro_Omnio: pathetic
(30:37 / All) Momoiro_Omnio: get out
(30:41 / All) Momoiro_Omnio: GET THE HECK OUT
(30:41 / All) llIIllIIllIIlI: LOLOLOLOLOL
(30:53 / All) Momoiro_Omnio: GET OUT YOU SICKOS
(30:55 / All) Momoiro_Omnio: in the head
(30:58 / Allies) mckc: i got this
(31:00 / All) llIIllIIllIIlI: lmao
(31:00 / All) Momoiro_Omnio: where's your brain?
(31:09 / Allies) bnettakestolong: go there
(31:11 / Allies) bnettakestolong: end the game now
(31:13 / All) Momoiro_Omnio: do you guys know how your brain even looks like?
(31:19 / Allies) s-Laugh-ter: leave it
(31:20 / All) Momoiro_Omnio: what color is your brains?
(31:24 / Allies) mckc: fill burrows
(31:38 / All) Momoiro_Omnio: orange your name is
(31:41 / All) Momoiro_Omnio: new hope
(31:44 / All) llIIllIIllIIlI: GG
(31:47 / All) Momoiro_Omnio: yet you are hopeless
(32:00 / All) Momoiro_Omnio: what hope do you have of winning this now?
(32:09 / All) Momoiro_Omnio: I backstabbed
(32:14 / All) Momoiro_Omnio: so I should have lost
(32:25 / Allies) bnettakestolong: gold pls if u have
(32:26 / All) Momoiro_Omnio: but I didn't?
(32:31 / All) Momoiro_Omnio: i got zero gold
(32:35 / All) Momoiro_Omnio: who wants it?
(32:36 / Allies) s-Laugh-ter: all i got
(33:31 / All) Momoiro_Omnio: oh no
(33:33 / All) Momoiro_Omnio: I lost
(33:37 / All) Momoiro_Omnio: yep
(33:40 / Allies) mckc: out red
(33:42 / Allies) mckc: hit oj yellow
(33:44 / Allies) mckc: they all here
(33:55 / All) Momoiro_Omnio: yellow
(34:00 / All) Momoiro_Omnio: you made your team lost
(34:05 / All) Momoiro_Omnio: we are cooked out
(34:12 / All) Momoiro_Omnio: why didn't you fought together?
(34:16 / All) Momoiro_Omnio: why the split?
(34:26 / All) Momoiro_Omnio: and now orange does the same
(34:32 / All) Momoiro_Omnio: even more of a moron than ever
(34:39 / Allies) s-Laugh-ter: im coming
(34:50 / All) Momoiro_Omnio: go together this time
(35:30 / All) Momoiro_Omnio: gg
(35:32 / Allies) bnettakestolong: just stay with me
(35:32 / All) Momoiro_Omnio: we lost
(35:33 / Allies) bnettakestolong: red come pls
(35:51 / All) Momoiro_Omnio: we are not hitting altogether
(35:51 / Allies) mckc: come yellow
(35:58 / All) BlizAnigmOfo: oj is noob
(36:03 / All) Momoiro_Omnio: red is still at the bottom of the map
(36:04 / Allies) mckc: gio
(36:05 / All) A.NEW.HOPE: TEAL S BAD
(36:06 / Allies) bnettakestolong: stay pink
(36:08 / Allies) bnettakestolong: others will come
(36:10 / Allies) bnettakestolong: come back
(36:12 / Allies) mckc: come yellow
(36:13 / Allies) mckc: now
(36:14 / Allies) mckc: lets go
(36:16 / All) Momoiro_Omnio: saving this
(36:24 / All) Momoiro_Omnio: uploading this to highper.ch
(36:40 / All) Momoiro_Omnio: biggest morons of a match I've seen
(36:47 / All) Momoiro_Omnio: admit your defeat
(36:50 / All) Momoiro_Omnio: call it
(36:52 / All) Momoiro_Omnio: CALL IT
(36:55 / Allies) Momoiro_Omnio: EAT YOU
(36:59 / All) Momoiro_Omnio: EAT YOU UP